 Dungeon Crawl Stone Soup version 0.23.2 (webtiles) character file.

Game seed: 9807755007382279291

430 Descartes the Shield-Bearer (level 7, -2/55 HPs)
             Began as a Formicid Fighter on Apr 5, 2019.
             Was an Initiate of Qazlal.
             Slain by Pikel
             ... wielding a +2 whip of freezing
              (3 damage)
             ... on level 4 of the Dungeon.
             The game lasted 00:09:56 (3193 turns).

Descartes the Shield-Bearer (Formicid Fighter)      Turns: 3193, Time: 00:09:57

Health: -2/55      AC:  8    Str: 20    XL:     7   Next: 19%
Magic:  16/16      EV:  9    Int:  8    God:    Qazlal [......]
Gold:   204        SH: 10    Dex: 12    Spells: 3/6 levels left

rFire    . . .     SeeInvis +   a - +0 long sword
rCold    . . .     Gourm    .   c - +0 shield
rNeg     + . .     Faith    .   b - +0 scale mail
rPois    .         Spirit   .   (helmet unavailable)
rElec    .         Reflect  .   d - +0 cloak
rCorr    .         Harm     .   (no gloves)
MR       .....                  (no boots)
Stlth    ..........             (no amulet)
HPRegen  0.18/turn              q - ring of magical power
MPRegen  0.15/turn              o - ring of positive energy

@: no status effects
A: permanent stasis, dig shafts and tunnels, four strong arms, antennae 3
a: Dig, Shaft Self, Renounce Religion


You were on level 4 of the Dungeon.
You worshipped Qazlal.
Qazlal was noncommittal.
You were hungry.

You visited 2 branches of the dungeon, and saw 5 of its levels.

You collected 204 gold pieces.

Inventory:

Hand Weapons
 a - a +0 long sword (weapon)
Armour
 b - a +0 scale mail (worn)
 c - a +0 shield (worn)
 d - a +0 cloak (worn)
Jewellery
 o - a ring of positive energy (right hand)
 q - a ring of magical power (left hand)
Wands
 r - a wand of scattershot (4)
 t - a wand of iceblast (9)
Scrolls
 e - 2 scrolls of immolation {unknown}
 h - a scroll of fog {unknown}
 i - a scroll of random uselessness {unknown}
 k - 2 scrolls of amnesia {unknown}
 m - a scroll of noise {unknown}
 p - a scroll of remove curse {unknown}
Potions
 g - a potion of curing
 l - 2 potions of heal wounds {unknown}
 n - 3 potions of flight
 s - a potion of magic {unknown}
Comestibles
 f - 3 rations
 j - 8 chunks of flesh


   Skills:
 + Level 4.3 Fighting
 * Level 4.1 Long Blades
 + Level 4.3 Armour
 + Level 2.0 Dodging
 * Level 5.8 Shields


You had 3 spell levels left.
You knew the following spells:

 Your Spells              Type           Power        Failure   Level  Hunger
a - Mephitic Cloud        Conj/Pois/Air  #.......     100%        3    ####...

Your spell library contained the following spells:

 Spells                   Type           Power        Failure   Level  Hunger
 Magic Dart               Conj           #...         94%         1    ##.....
 Call Imp                 Summ           #.......     98%         2    ###....
 Slow                     Hex            #.......     98%         2    ###....
 Conjure Flame            Conj/Fire      #.......     100%        3    ####...
 Blink                    Tloc           Unusable     N/A         2    N/A

Dungeon Overview and Level Annotations

Branches:
Dungeon (4/15)             Temple (1/1) D:4

Altars:
Ashenzari
Cheibriados
Elyvilon
Fedhas
Gozag
Hepliaklqana
Kikubaaqudgha
Makhleb
Nemelex Xobeh
Okawaru
Qazlal
Ru
Sif Muna
Trog
Wu Jian
Xom
Yredelemnul
Zin

Annotations:
D:4 Pikel


Innate Abilities, Weirdness & Mutations

You cannot be hasted, slowed, berserked, paralysed or teleported.
You can dig through walls and to a lower floor.
Your four strong arms can wield two-handed weapons with a shield.
You have a pair of large antennae on your head. (SInv)


Message History

Pikel is severely wounded.
Pikel closely misses you.
You hit Pikel but do no damage.
Pikel is severely wounded.
Pikel hits you with a +2 whip of freezing.
* * * LOW HITPOINT WARNING * * *
Pikel freezes you.
* * * LOW HITPOINT WARNING * * *
You closely miss Pikel.
Pikel is severely wounded.
Pikel barely misses you.
You closely miss Pikel.
Pikel is severely wounded.
You block Pikel's attack. Pikel barely misses you.
You hit Pikel but do no damage.
Pikel is severely wounded.
Pikel hits you with a +2 whip of freezing.
* * * LOW HITPOINT WARNING * * *
Pikel freezes you.
You die...

..............####.#####..##
######.#.########.######.##
##.##....p..............
#p###p###p####.#######.#
##.##.####p###.#######..
##...)..{............#.
#.########...######.#. #.#
##K#{#.### #.#. #.# #@#{#{.#
#.#. #.# ######.# ###.#. #.#
#.# #..... #.# #.# #.#.#.
#.# ###.######.#.##
##.............รท
...........##.#.##
......#.###.##.#.##
#######.###.##.#.##


You could see Pikel.

Vanquished Creatures
  Eustachio (D:4)
  An ogre (D:4)
  A centaur skeleton (D:4)
  A hound (D:4)
  Ijyb (D:4)
  A worker ant (D:4)
  A gnoll (D:1)
  3 adders
  2 worms
  2 dart slugs
  3 leopard geckos
  2 orcs
  A ball python (D:2)
  5 giant cockroaches
  5 goblins
  6 hobgoblins
  3 jackals (D:2)
  3 quokkas
  4 bats
  4 frilled lizards
  6 kobolds
  9 rats
65 creatures vanquished.

Notes
Turn   | Place    | Note
-------+----------+-------------------------------------------
     0 | D:1      | Descartes the Formicid Fighter began the quest for the Orb.
     0 | D:1      | Reached XP level 1. HP: 18/18 MP: 1/1
   225 | D:1      | Reached XP level 2. HP: 23/24 MP: 2/2
   277 | D:1      | Reached skill level 4 in Shields
   355 | D:1      | Reached XP level 3. HP: 29/29 MP: 3/3
   725 | D:2      | Found a sparkling altar of Nemelex Xobeh.
   840 | D:2      | You fall through a shaft!
  1216 | D:2      | Reached XP level 4. HP: 33/35 MP: 4/4
  1544 | D:3      | Reached skill level 1 in Dodging
  1964 | D:3      | Learned a level 3 spell: Mephitic Cloud
  2020 | D:3      | Found a snail-covered altar of Cheibriados.
  2119 | D:4      | Reached XP level 5. HP: 29/42 MP: 5/5
  2313 | D:4      | Noticed Eustachio
  2375 | D:4      | Killed Eustachio
  2375 | D:4      | Reached skill level 5 in Shields
  2375 | D:4      | Reached XP level 6. HP: 21/48 MP: 6/6
  2665 | D:4      | Found a staircase to the Ecumenical Temple.
  2675 | Temple   | Entered the Ecumenical Temple
  2879 | Temple   | Became a worshipper of Qazlal Stormbringer
  2919 | D:4      | Noticed Ijyb
  2954 | D:4      | Killed Ijyb
  3112 | D:4      | Noticed an ogre
  3121 | D:4      | Killed an ogre
  3121 | D:4      | Reached XP level 7. HP: 55/55 MP: 7/7
  3140 | D:4      | Noticed Pikel
  3193 | D:4      | HP: 1/55 [Pikel/+2 whip of freezing (5)]
  3193 | D:4      | Slain by Pikel

Skill      XL: |  1  2  3  4  5  6 |
---------------+-------------------+-----
Shields        | 4 5 |  5.8
Dodging        | 1 2 |  2.0
Long Blades    | 3 4 |  4.1
Fighting       | 4 |  4.3
Armour         | 4 |  4.3

Action                   |  1- 3 |  4- 6 |  7- 9 || total
-------------------------+-------+-------+-------++-------
Melee: Long sword        |    82 |   165 |    26 ||   273
 Abil: Dig               |     3 |     4 |     3 ||    10
  Use: Potion            |     1 |       |       ||     1
       Scroll            |       |     2 |       ||     2
  Eat: Chunk             |     1 |     8 |       ||     9
Armor: Scale mail        |    43 |    50 |    10 ||   103
Dodge: Dodged            |    33 |    61 |     4 ||    98
Block: Shield            |    61 |    91 |     9 ||   161
       Rpst.: Long sword |    11 |    21 |       ||    32
